[Event "Early-Titled-Tuesday-Blitz-September-12-2023"]
[Site "Chess.com"]
[Date "2023.09.12"]
[Round "4"]
[White "PeshkaCh"]
[Black "ArtemDyachuk"]
[Result "1-0"]
[WhiteElo "2777"]
[BlackElo "2551"]
[TimeControl "180+1"]
[EndTime "8:38:52 PDT"]
[Termination "PeshkaCh won on time"]

1. Nf3 Nf6 2. d4 d5 3. c4 c6 4. e3 Bf5 5. Bd3 Bxd3 6. Qxd3 Qa5+ 7. Nbd2 e6 8. O-O Nbd7 9. e4 dxe4 10. Nxe4 Nxe4 11.
Qxe4 Nf6 12. Qc2 Qh5 13. h3 Bd6 14. Re1 h6 15. d5 cxd5 16. Qa4+ Kf8 17. cxd5 Nxd5 18.
Qd7 Bc7 19. Rd1 Rd8 20. Qxc7 Nxc7 21. Rxd8+ Ne8 22. Be3 f6 23. Rc1 Kf7 24. Rcc8 Qa5 25. Rd7+ Kg6 26. Rxb7 Qxa2 27. Rbb8 Qa4 28. Nd4 e5 29.
Nb5 Qd1+ 30. Kh2 Qd7 31. Nxa7 f5 32. Rd8 Qe7 33. Nc6 Qf6 34. Rbc8 f4 35. Bc5 f3 36. g3 Kf7 37. b4 h5 38. Rd7+ Kg6 39. Re7 h4 40. Rexe8 Rxe8 41. Rxe8 Qxc6 42. Rxe5 hxg3+ 43. Kxg3 Qc7 44. Kf4 Kf6 45. Bd4 Qc4 46. Ke4 Qxb4 47.
Rb5+ 1-0

[Event "Early-Titled-Tuesday-Blitz-September-12-2023"]
[Site "Chess.com"]
[Date "2023.09.12"]
[Round "4"]
[White "Hikaru"]
[Black "MatthewG-p4p"]
[Result "1-0"]
[WhiteElo "3253"]
[BlackElo "2891"]
[TimeControl "180+1"]
[EndTime "8:38:53 PDT"]
[Termination "Hikaru won by resignation"]

1. a3 e5 2. c4 c6 3. d4 exd4 4. Nf3 d5 5. Nxd4 Nf6 6. cxd5 cxd5 7. Bf4 Bc5 8. e3 O-O 9. Be2 Nc6 10. Nxc6 bxc6 11.
Nd2 Bb6 12. O-O c5 13. Bg5 h6 14. Bh4 Be6 15. Qc2 Rc8 16. Rfd1 Qe7 17. Rac1 Rfd8 18. Qb1 a5 19. Nf3 Bg4 20. h3 Bh5 21. Qf5 Bg6 22. Bxf6 Qxf6 23. Qxf6 gxf6 24. Nh4 c4 25. Bg4 Rc6 26.
Bf5 Kg7 27. b3 c3 28. Bxg6 fxg6 29. Nf3 Kf7 30. Ne1 Ke6 31. Nc2 Bc5 32. b4 axb4 33.
axb4 Bb6 34. Ra1 Rdc8 35. Kf1 Ke5 36. Ke2 g5 37. g4 f5 38. gxf5 Rd6 39. Rd3 Kxf5 40.
Ra3 d4 41. exd4 Rdc6 42. Ra6 Ke4 43. Re3+ Kf4 44. Kd3 Rd6 45. Ra1 Rcd8 46. Rg1 h5 47. Re4+ Kf5 48. Re5+ Kf6 49. Rexg5 Bxd4 50. Rg6+ Ke5 51.
Rxd6 Rxd6 52. Re1+ Kf4 53. Nxd4 c2 54. Rc1 1-0

[Event "Early-Titled-Tuesday-Blitz-September-12-2023"]
[Site "Chess.com"]
[Date "2023.09.12"]
[Round "4"]
[White "IngOscarArdila"]
[Black "skoularikii"]
[Result "0-1"]
[WhiteElo "2310"]
[BlackElo "2519"]
[TimeControl "180+1"]
[EndTime "8:38:54 PDT"]
[Termination "skoularikii won by resignation"]

1. d4 Nf6 2. c4 e6 3. Nc3 Bb4 4. Bd2 O-O 5. Nf3 d6 6. e3 Nbd7 7.
Be2 b6 8. O-O Bb7 9. Rc1 h6 10.
a3 Bxc3 11. Bxc3 Qe7 12. b4 e5 13. d5 Ne4 14. Bb2 f5 15. Nd2 Nxd2 16. Qxd2 f4 17. exf4 Rxf4 18. h3 Raf8 19. Bg4 Nf6 20. Be6+ Kh8 21. g3 Rf3 22. Qe2 Nh7 23. Bg4 R3f7 24.
Bh5 Rf5 25. Bg6 R5f6 26. Bxh7 Kxh7 27. f4 Rg6 28. Qe4 Bc8 29. g4 Qh4 30. f5 Qg3+ 31.
Qg2 Qe3+ 32. Kh2 Rxf5 33. Rce1 Qb3 34. Rxf5 Bxf5 35. Qf2 Bc2 36. Re2 Bd1 37. Rd2 Rf6 38. Qe1 Bf3 39. Qg3 Qxc4 40. Rf2 Qxd5 41. g5 Qd1 42. Qg1 Qxg1+ 43. Kxg1 hxg5 44. Rc2 c5 45. bxc5 bxc5 46. Rd2 Be4 47. Kh2 Rf3 48. Bc1 d5 49. Bb2 d4 50. Bc1 Rf1 51. Bb2 c4 52. Re2 Bd3 53. Rxe5 Rf2+ 54. Kg3 Rxb2 55. Rxg5 c3 56. Rh5+ Kg6 57. Rd5 c2 58. Rxd4 c1=Q 0-1

[Event "Early-Titled-Tuesday-Blitz-September-12-2023"]
[Site "Chess.com"]
[Date "2023.09.12"]
[Round "4"]
[White "WinstonSilvakov"]
[Black "SamCopeland"]
[Result "1-0"]
[WhiteElo "2203"]
[BlackElo "2305"]
[TimeControl "180+1"]
[EndTime "8:38:54 PDT"]
[Termination "WinstonSilvakov won by resignation"]

1. d4 d5 2. e3 Nc6 3. f4 g6 4. Nf3 Bg7 5. c4 Nf6 6. Nc3 Bf5 7. Be2 O-O 8. O-O e6 9. Ne5 Ne4 10. g4 Nxc3 11. bxc3 Be4 12. cxd5 exd5 13. Bf3 Na5 14. Bxe4 dxe4 15. Qa4 b6 16. Nc4 Qh4 17. g5 Qg4+ 18. Kf2 Nb7 19. Qd1 Qh4+ 20. Kg2 f6 21.
gxf6 Bxf6 22. Qe1 Qh5 23. Ba3 c5 24. Qg3 Qe2+ 25. Rf2 Qxc4 26. f5 Kg7 27. Rg1 Qf7 28. Kh1 Rh8 29. Rfg2 Rag8 30. fxg6 hxg6 31. Qf4 Rh6 32.
Qf5 Kh8 33. Qf4 Qg7 34. dxc5 Nxc5 35. Bxc5 bxc5 36. Qxe4 Be5 37. a4 Rf8 38. Rd1 Rf5 39. Kg1 Rfh5 40. Rd8+ Kh7 41. Re8 Rxh2 42. Rxe5 Rh1+ 43.
Kf2 Qf6+ 44. Qf4 Rf1+ 45. Kxf1 Qxf4+ 46. exf4 Rh1+ 47. Kf2 Ra1 48. Rxc5 1-0

[Event "Early-Titled-Tuesday-Blitz-September-12-2023"]
[Site "Chess.com"]
[Date "2023.09.12"]
[Round "4"]
[White "Vuk2000"]
[Black "Alphafischer2019"]
[Result "1-0"]
[WhiteElo "2765"]
[BlackElo "2547"]
[TimeControl "180+1"]
[EndTime "8:38:55 PDT"]
[Termination "Vuk2000 won by resignation"]

1. d4 Nf6 2. Bg5 g6 3. Bxf6 exf6 4. c4 Bg7 5. Nc3 f5 6. e3 O-O 7. g3 d6 8. Bg2 a5 9. Nge2 Nd7 10. O-O Nf6 11.
Rb1 Re8 12. Qd3 h5 13. h4 Ng4 14. Nf4 g5 15. hxg5 Qxg5 16. Bf3 h4 17. Bxg4 fxg4 18. gxh4 Qxh4 19. Kg2 Qg5 20. Kg3 Bh6 21. Qd2 Bf5 22.
Rbe1 Be4 23. Nxe4 Rxe4 24. Rh1 Rae8 25. Rh5 Qf6 26. Reh1 Bg5 27. Kxg4 Bxf4 28. exf4 Kf8 29. Rf5 Qg6+ 30. Rg5 Qe6+ 31. Kg3 Ke7 32. d5 Qf6 33. Qd3 Kd8 34. Rh7 Qxf4+ 35. Kh3 Re3+ 36. fxe3 Rxe3+ 37. Qxe3 Qxe3+ 38. Rg3 Qf2 39. Rh8+ Ke7 40. Rh4 Qf5+ 41. Kg2 Qc2+ 42. Kh3 Qxb2 43. Re3+ Kf8 44. Rhe4 Qxa2 45. Re8+ Kg7 46. Rg3+ Kf6 47. Rf3+ Kg6 48. Rg8+ Kh7 49. Rg4 Qxc4 50. Rxc4 1-0

[Event "Early-Titled-Tuesday-Blitz-September-12-2023"]
[Site "Chess.com"]
[Date "2023.09.12"]
[Round "4"]
[White "YairParkhov"]
[Black "Anton_Demchenko"]
[Result "1-0"]
[WhiteElo "2606"]
[BlackElo "2935"]
[TimeControl "180+1"]
[EndTime "8:38:56 PDT"]
[Termination "YairParkhov won by resignation"]

1. e4 e5 2. Nf3 Nc6 3. Bb5 a6 4. Ba4 Nge7 5. O-O Ng6 6. d4 exd4 7. Nxd4 Nxd4 8. Qxd4 b5 9. Bb3 Bb7 10. c3 Bd6 11. Bd5 Bxd5 12. Qxd5 O-O 13. f4 Ne7 14. Qd4 Nc6 15. Qd5 Qe7 16. Nd2 Bc5+ 17. Kh1 Bb6 18. a4 b4 19. Nc4 Ba7 20. Be3 Qe6 21.
Bxa7 Rxa7 22. Rad1 bxc3 23. bxc3 Qxd5 24. exd5 Ne7 25.
Rfe1 Nc8 26. Ne5 Rd8 27. Nxd7 Nd6 28. Ne5 Rb7 29. Nc6 Ra8 30. Re7 h5 31. Rde1 Kh7 32.
h3 h4 33. Ne5 f6 34. Nd7 Kg6 35. Nc5 Rb2 36. Ne6 Rg8 37. Rxc7 Nf5 38. c4 Rgb8 39. d6 Rb1 40. Rxb1 Rxb1+ 41. Kh2 Rd1 42. c5 Kh6 43.
Rc8 Kh7 44. Nf8+ Kh6 45. Ne6 Kh7 46. d7 Rxd7 47. Nf8+ Kh6 48. Nxd7 Ng3 49. Rh8+ Kg6 50. Rxh4 Nf1+ 51. Kg1 Ne3 52. Rg4+ 1-0

[Event "Early-Titled-Tuesday-Blitz-September-12-2023"]
[Site "Chess.com"]
[Date "2023.09.12"]
[Round "4"]
[White "Fandorine"]
[Black "Nf3c5"]
[Result "1-0"]
[WhiteElo "2922"]
[BlackElo "2583"]
[TimeControl "180+1"]
[EndTime "8:38:56 PDT"]
[Termination "Fandorine won on time"]

1. c4 c5 2. Nf3 Nc6 3. Nc3 g6 4. e3 Bg7 5. d4 Nf6 6. d5 Na5 7. d6 O-O 8. Be2 b6 9. O-O Bb7 10. a3 Rc8 11. Rb1 Re8 12. Nb5 a6 13. dxe7 Rxe7 14.
Nd6 Rb8 15. b4 cxb4 16. axb4 Nc6 17. Nxb7 Rxb7 18. b5 axb5 19. cxb5 Ne5 20. Nxe5 Rxe5 21. Bb2 Re6 22. Bf3 d5 23. Bxf6 Rxf6 24. Bxd5 Rd7 25.
e4 Bf8 26. Ra1 Kg7 27. g3 Bc5 28. Kg2 Qe7 29. Qc2 Rfd6 30. Rad1 Ra7 31. Rfe1 Rdd7 32.
Qc3+ Qf6 33. Qc2 Ra3 34. e5 Qf5 35. Qxf5 gxf5 36. f4 Rc3 37. Bc6 Ra7 38. Re2 Raa3 39. Bd7 Rd3 40. Rxd3 Rxd3 41. Bxf5 Rb3 42. Bd7 h5 43.
Kh3 Rd3 44. Bc6 Rd4 45. Kg2 Kg6 46. Be4+ Kg7 47. Bf3 Rb4 48. Bxh5 Rxb5 49. f5 Bd4 50. e6 fxe6 51. fxe6 1-0

[Event "Early-Titled-Tuesday-Blitz-September-12-2023"]
[Site "Chess.com"]
[Date "2023.09.12"]
[Round "4"]
[White "wqws"]
[Black "MdImranCM"]
[Result "1-0"]
[WhiteElo "2685"]
[BlackElo "2489"]
[TimeControl "180+1"]
[EndTime "8:38:56 PDT"]
[Termination "wqws won by resignation"]

1. e4 c5 2. Nf3 Nc6 3. d4 cxd4 4. Nxd4 Qc7 5. Nc3 e6 6. Be3 a6 7. a3 b5 8. Nxc6 Qxc6 9. Bd3 Bb7 10. O-O Nf6 11. Qf3 Bd6 12. Qh3 h5 13. f4 Ng4 14.
Kh1 Nxe3 15. Qxe3 Bc5 16. Qg3 Bd4 17. Ne2 Bxb2 18. Rab1 h4 19. Qg4 Bf6 20. h3 d6 21.
f5 exf5 22. Rxf5 Bc8 23. Rbf1 g6 24. Rxf6 Bxg4 25. hxg4 h3 26. g3 O-O 27. Nf4 Qe8 28. Nxh3 Qe5 29. Kg2 Kg7 30. g5 Ra7 31. R1f4 Rh8 32.
Rg4 d5 33. Nf2 d4 34. Rf3 Rc7 35. Nh3 Qe6 36. Rff4 Rc3 37. Nf2 Rxa3 38. Rf6 Qe5 39.
Rgf4 Rf8 40. Ng4 Qxg5 41. e5 Rxd3 42. cxd3 b4 43. e6 Qd5+ 44. Kg1 b3 45. Rxf7+ Rxf7 46. Rxf7+ Kh8 47. Nf6 1-0

[Event "Early-Titled-Tuesday-Blitz-September-12-2023"]
[Site "Chess.com"]
[Date "2023.09.12"]
[Round "4"]
[White "Cheer_Down"]
[Black "TatjanaVasilevich"]
[Result "1-0"]
[WhiteElo "2412"]
[BlackElo "2536"]
[TimeControl "180+1"]
[EndTime "8:38:56 PDT"]
[Termination "Cheer_Down won by checkmate"]

1. e4 c5 2. Nf3 Nc6 3. Bb5 g6 4.
Bxc6 bxc6 5. O-O Bg7 6. c3 d6 7. h3 e5 8. d4 cxd4 9. cxd4 exd4 10. Nxd4 Ne7 11. Nc3 O-O 12. Be3 Rb8 13. Qd2 c5 14.
Ndb5 Ba6 15. a4 Bxb5 16. axb5 Qc7 17. Rfd1 Rfd8 18. Bg5 Bd4 19. Nd5 Nxd5 20. Bxd8 Qxd8 21. exd5 Rxb5 22. Ra2 Qf6 23. Qe2 Rb8 24. Rd3 Qf5 25. Rxa7 Qxd5 26. Rf3 Rf8 27. g3 c4 28. Rc7 Bc5 29. h4 Qa8 30. Kh2 Qd8 31. Rb7 Qc8 32.
Qe7 d5 33. Qd7 Qxd7 34. Rxd7 Bd4 35. Rxd5 Bxb2 36. Rc5 c3 37. Rc7 Kg7 38. g4 Kg8 39. g5 Kg7 40. Kh3 h6 41. Kg4 hxg5 42. hxg5 Kg8 43.
Rd3 Re8 44. Rdd7 Re2 45. Rxf7 Re8 46. Rg7+ Kh8 47. Rxg6 Re4+ 48. f4 Re8 49. Rgc6 Rf8 50. Rxc3 Bxc3 51. Rxc3 Re8 52. Rc7 Rf8 53. f5 Re8 54.
Kh5 Kg8 55. Kg6 Kh8 56. f6 Rg8+ 57. Kh6 Rf8 58. g6 Rxf6 59. Rc8+ Rf8 60. Rxf8# 1-0

[Event "Early-Titled-Tuesday-Blitz-September-12-2023"]
[Site "Chess.com"]
[Date "2023.09.12"]
[Round "4"]
[White "1995Tiger"]
[Black "Apocalyps999"]
[Result "0-1"]
[WhiteElo "2121"]
[BlackElo "2319"]
[TimeControl "180+1"]
[EndTime "8:38:56 PDT"]
[Termination "Apocalyps999 won on time"]

1. e4 e5 2. Nf3 Nc6 3. Nc3 Nf6 4. d4 exd4 5. Nxd4 Nxe4 6. Nxc6 Nxc3 7. Nxd8 Nxd1 8. Nxf7 Kxf7 9. Kxd1 d5 10. Bd3 c6 11. Bf4 Be6 12. c3 Bc5 13. Bg3 h5 14.
h4 g6 15. Kd2 Rhe8 16. Rae1 Bf5 17. f3 b5 18. Bxf5 gxf5 19. Bf4 Bf2 20. Re2 Rxe2+ 21. Kxe2 Bb6 22. g3 Re8+ 23. Kd3 a5 24.
a4 bxa4 25. Ra1 Kg6 26. Rxa4 Re1 27. b4 axb4 28. Rxb4 Bc5 29. Rb7 Rd1+ 30. Ke2 Ra1 31. Rc7 Ra6 32. Rc8 Be7 33. Kd3 Bf6 34. Bg5 Bxg5 35.
Rg8+ Kh6 36. Rxg5 f4 37. gxf4 Ra4 38. f5 Rxh4 39. Rg6+ Kh7 40. Rxc6 Rf4 41. f6 Rxf3+ 42. Kd4 Rf5 43. Ra6 Kg6 44. f7+ Kxf7 45. Rh6 Kg7 46.
Rd6 h4 47. Ke3 h3 48. Ra6 Rg5 0-1

[Event "Early-Titled-Tuesday-Blitz-September-12-2023"]
[Site "Chess.com"]
[Date "2023.09.12"]
[Round "4"]
[White "noblerone"]
[Black "econpower"]
[Result "0-1"]
[WhiteElo "2535"]
[BlackElo "2739"]
[TimeControl "180+1"]
[EndTime "8:38:57 PDT"]
[Termination "econpower won on time"]

1. d4 d6 2. Nf3 g6 3. Bg5 Bg7 4.
c3 Nf6 5. Nbd2 O-O 6. e4 c6 7.
Bc4 d5 8. exd5 cxd5 9. Bd3 Nc6 10. O-O Qb6 11. Qb3 Bf5 12. Bxf5 gxf5 13. Qxb6 axb6 14.
Bxf6 Bxf6 15. Rfe1 e6 16. Nb3 Na5 17. Nc1 Nc4 18.
Nd3 Rfc8 19. Rec1 Kf8 20. a3 Ke7 21. Kf1 Kd6 22. Rab1 Ra5 23. Ke2 Rg8 24. g3 Rc8 25.
Nb4 Raa8 26. Kd3 Kd7 27. Re1 Nd6 28. Nd2 Ne4 29. f3 Nd6 30. Rg1 Rg8 31. Rbe1 h5 32. Nc2 h4 33. Ne3 hxg3 34. hxg3 Rg7 35. Rg2 Rag8 36.
Reg1 Bg5 37. f4 Be7 38. g4 fxg4 39. Rxg4 Rxg4 40. Rxg4 Rxg4 41. Nxg4 f6 42. Ne3 b5 43.
Ng4 Ke8 44. Ne3 Kf7 45. Ke2 Kg6 46. Kf3 Bf8 47. Ndf1 Bh6 48. Ng3 f5 49. Ng2 Ne4 50.
Nxe4 fxe4+ 51. Ke3 Kf5 52. Nh4+ Kg4 53. Ng6 Bg7 0-1

[Event "Early-Titled-Tuesday-Blitz-September-12-2023"]
[Site "Chess.com"]
[Date "2023.09.12"]
[Round "4"]
[White "Gentlejimmy7"]
[Black "BahadirOzen"]
[Result "1/2-1/2"]
[WhiteElo "2569"]
[BlackElo "2788"]
[TimeControl "180+1"]
[EndTime "8:38:58 PDT"]
[Termination "Game drawn - insufficient material"]

1. c4 c6 2. Nc3 d5 3. Nf3 d4 4.
Nb1 Nf6 5. e3 c5 6. exd4 cxd4 7.
d3 Nc6 8. g3 e5 9. Bg2 Bb4+ 10.
Nbd2 a5 11. O-O O-O 12. a3 Bd6 13. Re1 Re8 14. Ng5 Bg4 15. Qc2 Rc8 16. Nde4 Nxe4 17. Nxe4 Bf8 18. h3 Bd7 19. c5 Be6 20. Qa4 h6 21. b4 axb4 22. axb4 Ra8 23. Qxa8 Qxa8 24.
Rxa8 Rxa8 25. Bd2 Ra2 26. b5 Na5 27. Bxa5 Rxa5 28. c6 bxc6 29. bxc6 f5 30. Nd2 Bb4 31. Re2 e4 32. c7 Rc5 33. dxe4 d3 34. Re3 Bxd2 35.
Rxd3 Rc1+ 36. Kh2 Ba5 37. exf5 Bxf5 38. Rd5 Be6 39. Rxa5 Rxc7 40. Bd5 Bxd5 41. Rxd5 Rc2 42. Kg2 Kf7 43. h4 Rc3 44. Ra5 Rb3 45. g4 Rc3 46.
f3 Rc1 47. Kg3 Rh1 48. g5 hxg5 49. hxg5 Kg6 50. Kg4 Rg1+ 51. Kf4 Kh5 52. Ra2 Rxg5 53. Rh2+ Kg6 54. Ra2 Rf5+ 55. Kg3 Rb5 56. Ra4 Kf6 57. Rf4+ Rf5 58. Rxf5+ Kxf5 59. f4 g6 60. Kf3 g5 61.
fxg5 Kxg5 1/2-1/2

[Event "Early-Titled-Tuesday-Blitz-September-12-2023"]
[Site "Chess.com"]
[Date "2023.09.12"]
[Round "4"]
[White "gmcorrales"]
[Black "mamey78"]
[Result "0-1"]
[WhiteElo "2829"]
[BlackElo "2606"]
[TimeControl "180+1"]
[EndTime "8:38:59 PDT"]
[Termination "mamey78 won by resignation"]

1. d4 d5 2. c4 c6 3. Nf3 Nf6 4. Nc3 e6 5. cxd5 exd5 6. Bg5 h6 7. Bh4 Bf5 8. e3 Qb6 9. Qd2 Ne4 10. Qc1 Qa5 11.
Nd2 Nxc3 12. Qxc3 Qxc3 13. bxc3 Ba3 14. c4 O-O 15. Ke2 Nd7 16. f3 Rfe8 17. g4 Bg6 18. cxd5 cxd5 19. Kf2 a6 20. Be2 Rac8 21. f4 Rc2 22. Rhd1 Bb4 23. Nf3 Be4 24. Rac1 Rec8 25. Rxc2 Rxc2 26. f5 Rxa2 27. Ne5 Nb6 28. Rc1 Rc2 29.
Rxc2 Bxc2 30. Bd3 Bb3 31. f6 a5 32. fxg7 Kxg7 33. g5 hxg5 34. Bxg5 f6 35. Bf4 fxe5 36.
Bxe5+ Kf7 37. h4 a4 38. h5 a3 39. Bg6+ Ke6 40. h6 a2 41. h7 a1=Q 42. h8=Q Qe1+ 43.
Kg2 Qe2+ 44. Kh3 Qxe3+ 45. Bg3 Kd7 46. Qf6 Qe2 47. Bf5+ Ke8 48. Qg6+ Kd8 49. Qf6+ Be7 50. Bc7+ Kxc7 51. Qf7 Kb8 52. Qg8+ Kc7 53. Qg6 Qe3+ 54. Kg4 Qe2+ 55. Kf4 Qd2+ 56. Kg4 Qxd4+ 57. Kg3 Qe5+ 58.
Kg2 Bc4 59. Qg4 Bd6 60. Qg7+ Qxg7+ 0-1

[Event "Early-Titled-Tuesday-Blitz-September-12-2023"]
[Site "Chess.com"]
[Date "2023.09.12"]
[Round "4"]
[White "Aygehovit1992"]
[Black "surrenderPLS"]
[Result "1-0"]
[WhiteElo "2725"]
[BlackElo "2528"]
[TimeControl "180+1"]
[EndTime "8:38:59 PDT"]
[Termination "Aygehovit1992 won by resignation"]

1. e4 c5 2. Nc3 Nc6 3. Bb5 Nd4 4. Nf3 g6 5. O-O Bg7 6. Re1 a6 7. Bf1 d6 8. Nxd4 cxd4 9. Ne2 b6 10. c3 dxc3 11.
bxc3 Bb7 12. Rb1 Nf6 13. f3 O-O 14. d4 Rc8 15. Be3 Nd7 16. Qd2 b5 17. a4 Nb6 18.
axb5 Nc4 19. Qd3 axb5 20. Rxb5 Ba6 21. Rb4 Qa5 22. Nc1 Nxe3 23. Qxe3 Bxf1 24. Rxf1 Rc7 25.
Ne2 Rfc8 26. Rfb1 h5 27. Rb8 Kh7 28. Rxc8 Rxc8 29. h4 Qa2 30. Qd3 Rc7 31. Kh2 Bf6 32.
Kh3 Qe6+ 33. g4 hxg4+ 34. fxg4 Ra7 35. Nf4 Qa2 36. g5 Bg7 37. Re1 Qb2 38. h5 Ra3 39.
hxg6+ fxg6 40. Re3 Ra1 41. Qe2 Qc1 42. Ng2 Rb1 43. Kg4 Qh1 44. Rh3+ Qxh3+ 45. Kxh3 Rh1+ 46. Kg3 e5 47. d5 Rh5 48. Kg4 Bf8 49. Nh4 Be7 50.
Nf3 Rh1 51. Qb5 Kg7 52. Qd7 Kf7 53. Qe6+ Kf8 54. Qxg6 Re1 55. Nxe1 Bxg5 56. Kf5 Ke7 57. Qxg5+ Kf7 58. Qg6+ Kf8 59. Qh7 Ke8 60. Ke6 1-0

[Event "Early-Titled-Tuesday-Blitz-September-12-2023"]
[Site "Chess.com"]
[Date "2023.09.12"]
[Round "4"]
[White "JaloliddinIlkhomi"]
[Black "MathiasWomacka"]
[Result "0-1"]
[WhiteElo "2616"]
[BlackElo "2484"]
[TimeControl "180+1"]
[EndTime "8:39:00 PDT"]
[Termination "MathiasWomacka won by checkmate"]

1. Nf3 c5 2. c3 Nf6 3. d4 e6 4. Bf4 d5 5. e3 Bd6 6. Bg3 O-O 7.
Nbd2 Qc7 8. Ne5 Nc6 9. f4 Ne4 10. Bd3 f5 11. O-O Bd7 12. Bxe4 fxe4 13. Qg4 cxd4 14.
cxd4 Bxe5 15. fxe5 Nb4 16. Nb3 Nd3 17. Bh4 Rxf1+ 18.
Rxf1 Rf8 19. Rxf8+ Kxf8 20. Qg5 Be8 21. h3 h6 22. Qg4 Bf7 23. Qe2 Qc4 24. Qd2 b6 25. Be1 a5 26. Bh4 a4 27. Nc5 bxc5 28. Qa5 Kg8 29.
Qd8+ Kh7 30. Qe7 Qc1+ 31. Kh2 Qxe3 32. Qxf7 cxd4 33. Bf6 Qf4+ 34. Kg1 Qg3 35. Qxe6 Qxg2+ 36. Kxg2 Nf4+ 37. Kf2 Nxe6 38. Be7 Kg6 39. Ke2 Kf5 40. Bd6 d3+ 41. Kd2 Nd4 42. b4 axb3 43. axb3 Nxb3+ 44. Kc3 Na5 45. Bb4 Nc4 46. Kd4 Nxe5 47. Kxd5 e3 48.
Kd4 d2 49. Kxe3 d1=Q 50. h4 Qd3+ 51. Kf2 Qf3+ 52. Ke1 Nd3+ 53. Kd2 Nxb4 54. h5 Qd3+ 55. Ke1 Qc2 56. Kf1 Kf4 57. Ke1 Kf3 58. Kf1 Qc1# 0-1

[Event "Early-Titled-Tuesday-Blitz-September-12-2023"]
[Site "Chess.com"]
[Date "2023.09.12"]
[Round "4"]
[White "Ducke13"]
[Black "parintele_chess"]
[Result "0-1"]
[WhiteElo "2467"]
[BlackElo "2255"]
[TimeControl "180+1"]
[EndTime "8:39:00 PDT"]
[Termination "parintele_chess won on time"]

1. d4 Nf6 2. g3 d5 3. Nf3 g6 4. c4 c6 5. Bg2 Bg7 6. cxd5 cxd5 7.
Nc3 Ne4 8. O-O O-O 9. Nxe4 dxe4 10. Ne5 Nd7 11. Nc4 Nb6 12. Nxb6 Qxb6 13. e3 f5 14. Qb3+ Be6 15. Qxb6 axb6 16. a3 Bc4 17. Re1 Rfc8 18. Bd2 e5 19. Bc3 exd4 20. exd4 Rd8 21. Rad1 Rac8 22.
f3 Bb3 23. fxe4 Bxd1 24. Rxd1 fxe4 25. Bxe4 Rc4 26. Bb1 Bxd4+ 27. Kg2 Kg7 28. Ba2 Ra4 29. Bb3 Bxc3 30. Rxd8 Rd4 31. Rc8 Bxb2 32. Rc7+ Kh6 33.
Rxb7 Bxa3 34. Bg8 Rd2+ 35. Kh3 Kg5 36. Rxh7 Bc5 37. Rb7 Bg1 38. g4 Rxh2+ 39. Kg3 Rd2 40. Kf3 Rd3+ 41. Ke4 Re3+ 42. Kd5 Rb3 43. Be6 Rb5+ 44.
Kd6 Bh2+ 45. Kd7 Bg1 46. Kc6 Rb4 47. Bd7 Rxg4 48. Bxg4 Kxg4 49. Rg7 g5 50. Kd5 Kf4 51. Rf7+ Kg3 52. Ke4 Bc5 0-1

[Event "Early-Titled-Tuesday-Blitz-September-12-2023"]
[Site "Chess.com"]
[Date "2023.09.12"]
[Round "4"]
[White "DopplerCharlotteDeWitte"]
[Black "Chessbard1972"]
[Result "1-0"]
[WhiteElo "2678"]
[BlackElo "2487"]
[TimeControl "180+1"]
[EndTime "8:39:01 PDT"]
[Termination "DopplerCharlotteDeWitte won on time"]

1. e4 e5 2. Nf3 Nc6 3. d4 exd4 4. Nxd4 Bc5 5. Nb3 Bb6 6. Nc3 Nge7 7. a4 a6 8. Nd5 Ba7 9. Bc4 Ne5 10. Be2 d6 11. O-O c6 12. Nc3 O-O 13. Kh1 f5 14. f4 N5g6 15. Bd3 Be6 16. Bd2 Qd7 17. Qe2 Rae8 18. Rae1 d5 19. e5 c5 20. Be3 d4 21. Rd1 Qc8 22.
Na5 dxe3 23. Nc4 Bxc4 24. Bxc4+ Kh8 25. Qxe3 Nc6 26. Rd6 Nge7 27. Rf3 Na5 28. Be6 Qc7 29. Rh3 g6 30. Qg3 Nc8 31. Rd7 Re7 32. Rxc7 Rxc7 33. Qxg6 Rg7 34. Qh6 Ne7 35. Rg3 Ng6 36. Nd5 Nc6 37.
h4 Nd8 38. Bc8 Nf7 39. Qh5 Rxc8 40. Qxf5 Rf8 41. h5 Nfxe5 42. Qe4 Nxf4 43. Rxg7 Kxg7 44. Qxe5+ Kg8 45. Nxf4 Bb8 46. Qe6+ Kh8 47. Ne2 Rf1+ 48. Ng1 Rf8 49. h6 Bg3 50. Qe7 1-0

[Event "Early-Titled-Tuesday-Blitz-September-12-2023"]
[Site "Chess.com"]
[Date "2023.09.12"]
[Round "4"]
[White "amintabatabaei"]
[Black "ShiroglanTalibov"]
[Result "1/2-1/2"]
[WhiteElo "3046"]
[BlackElo "2849"]
[TimeControl "180+1"]
[EndTime "8:39:02 PDT"]
[Termination "Game drawn by repetition"]

1. e4 c5 2. Nf3 e6 3. c3 d5 4.
exd5 Qxd5 5. d4 Nc6 6. Na3 Nf6 7. Be3 cxd4 8. Nb5 Qd8 9. Nbxd4 Nxd4 10. Nxd4 Bd7 11. g3 Nd5 12. Qd2 Nxe3 13. Qxe3 Bc5 14. Bg2 Qb6 15. O-O Bxd4 16. Qxd4 Qxd4 17. cxd4 O-O-O 18. Rac1+ Kb8 19. Rfd1 Bb5 20. d5 exd5 21. Bxd5 Rd7 22.
Be4 Re7 23. Bf3 Rhe8 24. Kg2 Rc7 25. h4 Rxc1 26. Rxc1 Rd8 27. Rc2 Rd7 28. g4 Rc7 29. Rd2 Rd7 30. Rxd7 Bxd7 31. Kg3 Kc7 32. Kf4 b6 33. g5 Kd6 34. Be4 h6 35. gxh6 gxh6 36. Bf5 Bb5 37. Ke4 Bc6+ 38. Kd4 Bf3 39. a3 Bg2 40.
Bd3 Bf3 41. Bc4 f6 42. Ke3 Bc6 43. Kf4 Bd7 44. Bd3 Ke7 45. Bf5 Bc6 46. Kg4 Be8 47. Bc8 Bg6 48. Bf5 Be8 49. Bd3 Ke6 50. Kf4 Bh5 51.
Bc4+ Ke7 52. Kf5 Be8 53. Bb3 Bh5 54. Bd5 Be8 55. Bf3 Bf7 56. Bc6 Bh5 57. Ba4 Bf7 58. Bd1 Be8 59. Ke4 Kd6 60. Bg4 Bg6+ 61. Bf5 Bf7 62.
Kd4 Be8 63. Bd3 Bc6 64. Bc2 Bd7 65. Ke4 Be8 66. Bb3 Bg6+ 67. Kf4 Ke7 68. Bd5 Kd6 69. Be4 Be8 70. Bf3 Ke7 71. Kf5 Bf7 72. Be2 Be8 73. Bd3 Bf7 74. Kg4 Be8 75. Bh7 Bf7 76. Bf5 Be8 1/2-1/2

[Event "Early-Titled-Tuesday-Blitz-September-12-2023"]
[Site "Chess.com"]
[Date "2023.09.12"]
[Round "4"]
[White "RodTwinkz"]
[Black "Orest_Vovk"]
[Result "0-1"]
[WhiteElo "2691"]
[BlackElo "2544"]
[TimeControl "180+1"]
[EndTime "8:39:03 PDT"]
[Termination "Orest_Vovk won by checkmate"]

1. e4 g5 2. d4 g4 3. h3 d5 4. e5 gxh3 5. Nxh3 c5 6. Ng5 Bf5 7. Bd3 Bxd3 8. Qxd3 Bh6 9. e6 Bxg5 10. exf7+ Kxf7 11.
Rxh7+ Rxh7 12. Qxh7+ Ke6 13. Bxg5 cxd4 14. Nd2 Nc6 15.
O-O-O Nf6 16. Bxf6 exf6 17. Nb3 Kd6 18. Nxd4 Nxd4 19. Rxd4 Qh8 20. Qxb7 Qh6+ 21. Kd1 Qh5+ 22. Kd2 Qg5+ 23. Kc3 Rd8 24. Kb3 Ke6 25. Rd3 d4 26.
Qxa7 Qd5+ 27. Kb4 Qd6+ 28. Ka4 Qc6+ 29. Kb3 Qd5+ 30. Kb4 Qd6+ 31. Kc4 Rc8+ 32. Kb3 Qd5+ 33. Ka3 Ra8 34. Qxa8 Qxa8+ 35. Kb3 Qd5+ 36. Kb4 Ke5 37. b3 Qb7+ 38. Kc4 Qc6+ 39. Kb4 Qxc2 40. Rf3 Qd2+ 41. Kc4 Qc2+ 42. Kb4 d3 43. Re3+ Kd6 44. Re4 d2 45. Rd4+ Ke7 46. a4 d1=Q 47. Rxd1 Qxd1 48. a5 Qd2+ 49. Ka4 Qxf2 50. b4 Qxg2 51. b5 Kd6 52. Kb4 Qb2+ 53. Ka4 Kc5 54. b6 Qb4# 0-1

[Event "Early-Titled-Tuesday-Blitz-September-12-2023"]
[Site "Chess.com"]
[Date "2023.09.12"]
[Round "4"]
[White "benny_aizenberg"]
[Black "Zampronha1971"]
[Result "1-0"]
[WhiteElo "2626"]
[BlackElo "2325"]
[TimeControl "180+1"]
[EndTime "8:39:03 PDT"]
[Termination "benny_aizenberg won by resignation"]

1. g4 c5 2. g5 Nc6 3. h4 d5 4. Bg2 Bf5 5. d3 Qd7 6. Nc3 d4 7. Ne4 e6 8. Ng3 h6 9. Nxf5 exf5 10.
Bf4 hxg5 11. hxg5 Rxh1 12. Bxh1 Bd6 13. Qd2 O-O-O 14. O-O-O Nge7 15. Nf3 Nd5 16. Bxd6 Qxd6 17. Bg2 Rh8 18. Rh1 Rxh1+ 19. Bxh1 Qf4 20. Qxf4 Nxf4 21.
Kd2 Nh3 22. Ke1 Kc7 23. Bg2 Nf4 24. Bf1 Kd6 25. e3 Ne6 26. c3 dxc3 27. bxc3 Ne5 28. Nxe5 Kxe5 29. f4+ Kd6 30. Kd2 b5 31. d4 a6 32. Bd3 g6 33. Bc2 a5 34. Kd3 c4+ 35.
Kd2 Nc7 36. Bd1 Nd5 37. a3 Nc7 38. Be2 a4 39. Bf3 Nd5 40. Bg2 Nc7 41. Bb7 Nd5 42.
Ba6 Nc7 43. Bc8 Nd5 44. Bb7 Nc7 45. Bf3 Nd5 46. Bh1 Nc7 47. Bg2 Nd5 48. Bf3 Nc7 49. Bd1 Nd5 50. Bc2 Nc7 51. e4 fxe4 52. Bxe4 Nd5 53. f5 gxf5 54. Bxf5 Ne7 55. Bg4 Nc6 56. Bh5 Nd8 57. Ke3 Ne6 58. Bxf7 Nxg5 59. Be8 b4 60. cxb4 1-0